TOP OF THE 1ST |
Lansing Lugnuts batting - Pitching for Hickory Crawdads : RHP Matt Stutzman
|
Pitching: RHP Matt Stutzman
|
|
Batting: RHB Kyle Silveira
|
0-0: Called Strike 0-1: Ball 1-1: Foul Ball, location: 2F 1-2: SINGLE (Line Drive, 89S, EV 100.6 MPH)
|
Batting: RHB Finn Ross
|
0-0: Called Strike 0-1: Swinging Strike 0-2: Ball 1-2: Foul Ball, location: 2F 1-2: Foul Ball, location: 2F 1-2: Foul Ball, location: 2F 1-2: Ball 2-2: Ball 3-2: Base on Balls Kyle Silveira to second
|
Batting: RHB Bryan Westray
|
0-0: Ball 1-0: Grounds into double play, 5-4-3 (Groundball, 56, EV 101.3 MPH) Kyle Silveira to third
|
Batting: LHB Dan Martinez
|
0-0: Ball Wild Pitch! Kyle Silveira scores 1-0: Swinging Strike 1-1: Foul Ball, location: 2F 1-2: Strikes out swinging
|
Top of the 1st over - 1 run, 1 hit, 0 errors, 0 left on base; Lansing 1 - Hickory 0 |
BOTTOM OF THE 1ST |
Hickory Crawdads batting - Pitching for Lansing Lugnuts : RHP Andres Lozano
|
Pitching: RHP Andres Lozano
|
|
Batting: LHB Jose Baez
|
0-0: Ball 1-0: Ground out 4-3 (Groundball, 34, EV 78.8 MPH)
|
Batting: RHB Rodolfo Contreras
|
0-0: Called Strike 0-1: Called Strike 0-2: Ground out 1-3 (Groundball, 13S, EV 68.8 MPH)
|
Batting: RHB Doug Hammertime
|
0-0: Called Strike 0-1: Ball 1-1: Foul Ball, location: 2F 1-2: Ball 2-2: Strikes out looking
|
Bottom of the 1st over - 0 runs, 0 hits, 0 errors, 0 left on base; Lansing 1 - Hickory 0 |
TOP OF THE 2ND |
Lansing Lugnuts batting - Pitching for Hickory Crawdads : RHP Matt Stutzman
|
Batting: SHB Joel Baker
|
0-0: Ball 1-0: Ball 2-0: Called Strike 2-1: Ground out 3-1 (Groundball, 34, EV 81.3 MPH)
|
Batting: RHB Tony Stedman
|
0-0: Ball 1-0: Ground out 1-3 (Groundball, 34S, EV 71.9 MPH)
|
Batting: RHB Luis Reyes
|
0-0: Ball 1-0: Ground out 6-3 (Groundball, 6, EV 81.9 MPH)
|
Top of the 2nd over - 0 runs, 0 hits, 0 errors, 0 left on base; Lansing 1 - Hickory 0 |
BOTTOM OF THE 2ND |
Hickory Crawdads batting - Pitching for Lansing Lugnuts : RHP Andres Lozano
|
Batting: SHB Rich Rubio
|
0-0: Ball 1-0: SINGLE (Groundball, 56D, EV 106.9 MPH)
|
Batting: LHB Nick Foutz
|
0-0: Ball 1-0: Called Strike 1-1: Fielders Choice at 2nd, 4-6 (Groundball, 34, EV 81.3 MPH)
|
Batting: LHB Ben Radach
|
0-0: Ball 1-0: Ball Nick Foutz is caught stealing 2nd base 2-6 2-0: Ball 3-0: Called Strike 3-1: Fly out, F8 (Flyball, 78D, EV 108.1 MPH)
|
Bottom of the 2nd over - 0 runs, 1 hit, 0 errors, 0 left on base; Lansing 1 - Hickory 0 |
TOP OF THE 3RD |
Lansing Lugnuts batting - Pitching for Hickory Crawdads : RHP Matt Stutzman
|
Batting: RHB Nick Wicker
|
0-0: Called Strike 0-1: Fly out, F8 (Flyball, 89D, EV 98.8 MPH)
|
Batting: RHB Darren McCarty Jr.
|
0-0: Ball 1-0: Swinging Strike 1-1: Ball 2-1: Called Strike 2-2: Foul Ball, location: 2F 2-2: Foul Ball, location: 2F 2-2: Strikes out looking
|
Batting: RHB Kyle Silveira
|
0-0: Ball 1-0: Foul Ball, location: 2F 1-1: Ground out U3 (Groundball, 34, EV 109.4 MPH)
|
Top of the 3rd over - 0 runs, 0 hits, 0 errors, 0 left on base; Lansing 1 - Hickory 0 |
BOTTOM OF THE 3RD |
Hickory Crawdads batting - Pitching for Lansing Lugnuts : RHP Andres Lozano
|
Batting: RHB Gavin Fimple
|
0-0: Ball 1-0: DOUBLE (Line Drive, 89XD, EV 113.1 MPH)
|
Batting: LHB Casper Kersten
|
0-0: Called Strike 0-1: Called Strike 0-2: Ball 1-2: Ball 2-2: Ground out 4-3 (Groundball, 4, EV 103.1 MPH) Gavin Fimple to third
|
Batting: SHB Isaiah Cherry
|
0-0: Ball 1-0: Ball 2-0: Called Strike 2-1: SINGLE (Groundball, 6S, EV 71.3 MPH) (infield hit) Gavin Fimple scores
|
Batting: LHB Jose Baez
|
0-0: Called Strike 0-1: Ball Isaiah Cherry steals 2nd base (no throw) 1-1: Ball 2-1: Called Strike 2-2: Fly out, F8 (Flyball, 78M, EV 86.9 MPH)
|
Batting: RHB Rodolfo Contreras
|
0-0: Ball 1-0: Called Strike 1-1: Ball 2-1: Ball 3-1: Swinging Strike 3-2: Strikes out swinging
|
Bottom of the 3rd over - 1 run, 2 hits, 0 errors, 1 left on base; Lansing 1 - Hickory 1 |
TOP OF THE 4TH |
Lansing Lugnuts batting - Pitching for Hickory Crawdads : RHP Matt Stutzman
|
Batting: RHB Finn Ross
|
0-0: Ball 1-0: Ball 2-0: Fly out, F4 (Popup, 34D, EV 61.3 MPH)
|
Batting: RHB Bryan Westray
|
0-0: Ball 1-0: Ball 2-0: Called Strike 2-1: Foul Ball, location: 2F 2-2: Fly out, F9 (Flyball, 9, EV 80.6 MPH)
|
Batting: LHB Dan Martinez
|
0-0: Called Strike 0-1: Called Strike 0-2: Ground out 4-3 (Groundball, 4M, EV 93.1 MPH)
|
Top of the 4th over - 0 runs, 0 hits, 0 errors, 0 left on base; Lansing 1 - Hickory 1 |
BOTTOM OF THE 4TH |
Hickory Crawdads batting - Pitching for Lansing Lugnuts : RHP Andres Lozano
|
Batting: RHB Doug Hammertime
|
0-0: DOUBLE (Line Drive, 8RXD, EV 105.6 MPH)
|
Batting: SHB Rich Rubio
|
0-0: Ground out 4-3 (Groundball, 4, EV 111.3 MPH) Doug Hammertime to third
|
Batting: LHB Nick Foutz
|
0-0: Foul Ball, location: 2F 0-1: Ball 1-1: Foul Ball, location: 2F 1-2: Ball 2-2: Ball 3-2: Foul Ball, location: 2F 3-2: SINGLE (Line Drive, 9S, EV 84.4 MPH) Doug Hammertime scores
|
Batting: LHB Ben Radach
|
0-0: Ball 1-0: Ball 2-0: Called Strike Nick Foutz is caught stealing 2nd base 2-6 2-1: Ball 3-1: Base on Balls
|
Batting: RHB Gavin Fimple
|
0-0: Foul Ball, location: 2F 0-1: Ball 1-1: TRIPLE (Flyball, 89XD, EV 112.5 MPH) Ben Radach scores
|
Batting: LHB Casper Kersten
|
0-0: Ball 1-0: Ball 2-0: Swinging Strike 2-1: Foul Ball, location: 2F 2-2: Strikes out looking
|
Bottom of the 4th over - 2 runs, 3 hits, 0 errors, 1 left on base; Lansing 1 - Hickory 3 |
TOP OF THE 5TH |
Lansing Lugnuts batting - Pitching for Hickory Crawdads : RHP Matt Stutzman
|
Batting: SHB Joel Baker
|
0-0: Called Strike 0-1: Ball 1-1: Ball 2-1: Ball 3-1: Swinging Strike 3-2: Strikes out swinging
|
Batting: RHB Tony Stedman
|
0-0: Ball 1-0: Ball 2-0: Foul Ball, location: 2F 2-1: Foul Ball, location: 2F 2-2: Ground out 4-3 (Groundball, 34D, EV 102.5 MPH)
|
Batting: RHB Luis Reyes
|
0-0: Ball 1-0: Called Strike 1-1: Foul Ball, location: 2F 1-2: Ball 2-2: Strikes out swinging
|
Top of the 5th over - 0 runs, 0 hits, 0 errors, 0 left on base; Lansing 1 - Hickory 3 |
BOTTOM OF THE 5TH |
Hickory Crawdads batting - Pitching for Lansing Lugnuts : RHP Andres Lozano
|
Batting: SHB Isaiah Cherry
|
0-0: Swinging Strike 0-1: Ball 1-1: Called Strike 1-2: Ball 2-2: Ball 3-2: Base on Balls
|
Batting: LHB Jose Baez
|
0-0: Swinging Strike 0-1: Ball 1-1: Ball Isaiah Cherry is caught stealing 2nd base 2-6 2-1: Called Strike 2-2: DOUBLE (Line Drive, 7LS, EV 108.1 MPH)
|
Batting: RHB Rodolfo Contreras
|
0-0: Called Strike 0-1: Foul Ball, location: 2F 0-2: Ball 1-2: Ball 2-2: Foul Ball, location: 2F 2-2: SINGLE (Flyball, 78M, EV 91.9 MPH) Jose Baez to third Runner from 3rd tries for Home, throw by CF and OUT! 8-2 Rodolfo Contreras to second
|
Pitching: RHP Mike Merriman
|
|
Batting: RHB Doug Hammertime
|
0-0: Ball Wild Pitch! Rodolfo Contreras to third 1-0: Ball 2-0: Foul Ball, location: 2F 2-1: Ball 3-1: Foul Ball, location: 2F 3-2: Base on Balls
|
Batting: SHB Rich Rubio
|
0-0: Called Strike Doug Hammertime steals 2nd base 0-1: Ball 1-1: Called Strike 1-2: Strikes out swinging
|
Bottom of the 5th over - 0 runs, 2 hits, 0 errors, 2 left on base; Lansing 1 - Hickory 3 |
TOP OF THE 6TH |
Lansing Lugnuts batting - Pitching for Hickory Crawdads : RHP Matt Stutzman
|
Batting: RHB Nick Wicker
|
0-0: Ball 1-0: Foul Ball, location: 2F 1-1: Called Strike 1-2: Foul Ball, location: 2F 1-2: Strikes out swinging
|
Batting: RHB Darren McCarty Jr.
|
0-0: Ball 1-0: Called Strike 1-1: Ball 2-1: Swinging Strike 2-2: Strikes out swinging
|
Batting: RHB Kyle Silveira
|
0-0: Called Strike 0-1: Foul Ball, location: 2F 0-2: Ball 1-2: Ball 2-2: Ball 3-2: Base on Balls
|
Batting: RHB Finn Ross
|
0-0: Swinging Strike 0-1: Fly out, F8 (Flyball, 8LD, EV 92.5 MPH)
|
Top of the 6th over - 0 runs, 0 hits, 0 errors, 1 left on base; Lansing 1 - Hickory 3 |
BOTTOM OF THE 6TH |
Hickory Crawdads batting - Pitching for Lansing Lugnuts : RHP Mike Merriman
|
Batting: LHB Nick Foutz
|
0-0: Called Strike 0-1: Foul Ball, location: 2F 0-2: Ball 1-2: Ball 2-2: Foul Ball, location: 2F 2-2: Ball 3-2: Strikes out looking
|
Batting: LHB Ben Radach
|
0-0: Called Strike 0-1: Ball 1-1: Ball 2-1: Called Strike 2-2: Ball 3-2: Foul Ball, location: 2F 3-2: Foul Ball, location: 2F 3-2: Base on Balls
|
Batting: RHB Gavin Fimple
|
0-0: Called Strike 0-1: Swinging Strike 0-2: Strikes out swinging
|
Batting: LHB Casper Kersten
|
0-0: Ball 1-0: Ground out U3 (Groundball, 3, EV 84.4 MPH)
|
Bottom of the 6th over - 0 runs, 0 hits, 0 errors, 1 left on base; Lansing 1 - Hickory 3 |
TOP OF THE 7TH |
Lansing Lugnuts batting - Pitching for Hickory Crawdads : RHP Matt Stutzman
|
Batting: RHB Bryan Westray
|
0-0: Foul Ball, location: 2F 0-1: Foul Ball, location: 2F 0-2: Ball 1-2: Ball 2-2: Ball 3-2: Foul Ball, location: 2F 3-2: Strikes out swinging
|
Batting: LHB Dan Martinez
|
0-0: Foul Ball, location: 2F 0-1: Called Strike 0-2: Strikes out looking
|
Batting: SHB Joel Baker
|
0-0: Ball 1-0: Swinging Strike 1-1: Ball 2-1: TRIPLE (Line Drive, 89XD, EV 99.4 MPH)
|
Batting: RHB Tony Stedman
|
0-0: Called Strike 0-1: Called Strike 0-2: Foul Ball, location: 2F 0-2: Ball 1-2: Foul Ball, location: 2F 1-2: Strikes out swinging
|
Top of the 7th over - 0 runs, 1 hit, 0 errors, 1 left on base; Lansing 1 - Hickory 3 |
BOTTOM OF THE 7TH |
Hickory Crawdads batting - Pitching for Lansing Lugnuts : RHP Mike Merriman
|
Pitching: LHP Bruce Knight
|
|
Batting: SHB Isaiah Cherry
|
0-0: Ball 1-0: Called Strike 1-1: Ball 2-1: SINGLE (Groundball, 4MD, EV 99.4 MPH)
|
Batting: LHB Jose Baez
|
0-0: Ball Isaiah Cherry steals 2nd base (no throw) 1-0: Ball 2-0: SINGLE (Groundball, 25, EV 71.9 MPH) (infield hit) Isaiah Cherry to third
|
Batting: RHB Rodolfo Contreras
|
0-0: Ball Jose Baez is caught stealing 2nd base 2-4 1-0: Fly out, F8 (Flyball, 89D, EV 83.1 MPH) Runner from 3rd tags up, SCORES, throw by CF
|
Batting: RHB Doug Hammertime
|
0-0: Called Strike 0-1: Ball 1-1: Ball 2-1: Ball 3-1: Foul Ball, location: 2F 3-2: SINGLE (Groundball, 34, EV 107.5 MPH) (infield hit)
|
Batting: SHB Rich Rubio
|
0-0: Called Strike 0-1: Ball 1-1: Ball 2-1: Ball 3-1: Base on Balls Doug Hammertime to second
|
Batting: LHB Nick Foutz
|
0-0: Ball 1-0: SINGLE (Line Drive, 8LS, EV 107.5 MPH) Doug Hammertime to third Rich Rubio to second
|
Batting: LHB Ben Radach
|
0-0: DOUBLE (Line Drive, 89XD, EV 112.5 MPH) Doug Hammertime scores Rich Rubio scores Nick Foutz to third
|
Pitching: RHP Germano Nunes
|
|
Batting: RHB Gavin Fimple
|
0-0: Ball 1-0: Ball 2-0: Called Strike 2-1: Fly out, F9 (Flyball, 89D, EV 88.1 MPH)
|
Bottom of the 7th over - 3 runs, 5 hits, 0 errors, 2 left on base; Lansing 1 - Hickory 6 |
TOP OF THE 8TH |
Lansing Lugnuts batting - Pitching for Hickory Crawdads : RHP Matt Stutzman
|
Batting: RHB Luis Reyes
|
0-0: SINGLE (Line Drive, 7S, EV 96.3 MPH)
|
Batting: RHB Nick Wicker
|
0-0: Ball 1-0: Swinging Strike 1-1: Foul Ball, location: 2F 1-2: Ball 2-2: Strikes out looking
|
Pitching: LHP Logan Benson
|
|
Batting: RHB Darren McCarty Jr.
|
0-0: Grounds into double play, 6-4-3 (Groundball, 6, EV 87.5 MPH)
|
Top of the 8th over - 0 runs, 1 hit, 0 errors, 0 left on base; Lansing 1 - Hickory 6 |
BOTTOM OF THE 8TH |
Hickory Crawdads batting - Pitching for Lansing Lugnuts : RHP Germano Nunes
|
Batting: LHB Casper Kersten
|
0-0: Swinging Strike 0-1: SINGLE (Flyball, 78S, EV 96.3 MPH)
|
Batting: SHB Isaiah Cherry
|
0-0: Ball Wild Pitch! Casper Kersten to second 1-0: Foul Ball, location: 2F 1-1: Swinging Strike 1-2: Strikes out swinging
|
Batting: LHB Jose Baez
|
0-0: Ball Casper Kersten steals 3rd base 1-0: Foul Ball, location: 2F 1-1: Ball 2-1: Ball 3-1: Base on Balls
|
Batting: RHB Rodolfo Contreras
|
0-0: Called Strike Jose Baez steals 2nd base (no throw) 0-1: Ball 1-1: Ball 2-1: Ball 3-1: Foul Ball, location: 2F 3-2: Ground out 6-3 (Groundball, 6, EV 99.4 MPH) Casper Kersten scores
|
Batting: RHB Doug Hammertime
|
0-0: Ball 1-0: Foul Ball, location: 2F 1-1: Ball 2-1: Foul Ball, location: 2F 2-2: Ball 3-2: Foul Ball, location: 2F 3-2: SINGLE (Groundball, 56S, EV 70.0 MPH) (infield hit) Jose Baez to third
|
Batting: SHB Rich Rubio
|
0-0: Foul Ball, location: 2F 0-1: Ball 1-1: Called Strike 1-2: Foul Ball, location: 2F 1-2: Ground out 4-3 (Groundball, 34, EV 86.9 MPH)
|
Bottom of the 8th over - 1 run, 2 hits, 0 errors, 2 left on base; Lansing 1 - Hickory 7 |
TOP OF THE 9TH |
Lansing Lugnuts batting - Pitching for Hickory Crawdads : LHP Logan Benson
|
Batting: RHB Kyle Silveira
|
0-0: Ball 1-0: SINGLE (Groundball, 3D, EV 101.3 MPH)
|
Batting: RHB Finn Ross
|
0-0: Foul Ball, location: 2F 0-1: Called Strike 0-2: Strikes out looking
|
Batting: RHB Bryan Westray
|
0-0: DOUBLE (Flyball, 8LXD, EV 103.1 MPH) Kyle Silveira to third
|
Pinch Hitting: RHB Ivan Ramirez
|
0-0: Ball 1-0: Called Strike 1-1: Ball 2-1: Ground out 4-3 (Groundball, 4, EV 88.1 MPH) Kyle Silveira scores Bryan Westray to third
|
Batting: SHB Joel Baker
|
0-0: Ball 1-0: Foul Ball, location: 2F 1-1: Ball 2-1: Ground out 5-3 (Groundball, 56S, EV 87.5 MPH)
|
Top of the 9th over - 1 run, 2 hits, 0 errors, 1 left on base; Lansing 2 - Hickory 7 |
|